cohdb
Replays
Latest Replays
All Replays
Popular Replays
Top Player Replays
Match Explorer
How It Works
Community
CoH3 Stats
Reddit
Sign in to upload your games and track your stats! →
Sign in with Steam
Match 41991475
Unlisted
Match 41991475
Overview
Messages
Build Orders
End
Selects Australian Defense Battlegroup
Selects Australian Light Infantry Section
Australian Light Infantry Section
Construct Section Command Post
Dingo Light Scout Car
Infantry Section
Infantry Section
Grenade Package
Construct Platoon Command Post
Humber Armored Car
Selects CMP 15cwt Supply Run
Selects 2-pounder Anti-tank Gun Team
2-pounder Anti-tank Gun Team
Construct Field Infirmary
Construct Field Infirmary
Construct Company Command Post
Foot Guards Section
Crusader II Medium Tank
Selects Vehicle Over Repair
Crusader II Medium Tank
Crusader II Medium Tank
Crusader II Medium Tank
Royal Engineer Section
Royal Engineer Section
Armored Vehicle Training
BIOHAZARD
john_wik
Gorgolo
=BIA=Daghito
=BIA=Obersky
Seby0505
0
0
Comments
sign in to comment!
No comments posted yet!